 Dungeon Crawl Stone Soup version 0.20-a0-1074-g6a0a8e1 (webtiles) character file.

101 kuniqs the Skirmisher (level 4, -9/40 HPs)
             Began as a Hill Orc Fighter on Apr 29, 2017.
             Was an Initiate of Beogh.
             Killed by nerve-wracking pain
             ... invoked by Grinder
              (12 damage)
             ... on level 3 of the Dungeon.
             The game lasted 00:03:38 (1928 turns).

kuniqs the Skirmisher (Hill Orc Fighter)            Turns: 1928, Time: 00:03:39

Health: -9/40      AC:  9    Str: 23    XL:     4   Next: 75%
Magic:  13/13      EV:  6    Int:  8    God:    Beogh [......]
Gold:   202        SH:  9    Dex: 11    Spells: 3/3 levels left

rFire    . . .     SeeInvis +   a - +0 war axe
rCold    . . .     Gourm    .   c - +0 shield
rNeg     . . .     Faith    .   o - +0 chain mail
rPois    .         Spirit   .   (no helmet)
rElec    .         Reflect  .   (no cloak)
rCorr    .         Harm     .   (no gloves)
MR       .....                  (no boots)
Stlth    ..........             (no amulet)
Regen    0.2/turn               m - ring of see invisible
MPRegen  0.2/turn               b - ring of magical power

@: mighty
A: no striking features
a: Renounce Religion


You were on level 3 of the Dungeon.
You worshipped Beogh.
Beogh was noncommittal.
You were not hungry.

You visited 1 branch of the dungeon, and saw 3 of its levels.

You collected 202 gold pieces.

Inventory:

Hand Weapons
 a - a +0 war axe (weapon)
Armour
 c - a +0 shield (worn)
 o - a +0 chain mail (worn)
Jewellery
 b - a ring of magical power (right hand)
 m - a ring of see invisible (left hand)
Wands
 t - a wand of scattershot (0/9)
Scrolls
 e - a scroll of magic mapping
 j - 2 scrolls of remove curse {@r2}
 l - 2 scrolls of fog
 q - a scroll of blinking {unknown}
 s - a scroll of noise {unknown}
Potions
 h - 3 potions of curing {unknown}
 k - a potion of haste {unknown}
 p - 2 potions of berserk rage {unknown}
 u - a potion of lignification {unknown}
Comestibles
 d - 2 bread rations
 f - 3 fruits
 g - a royal jelly
 n - 2 chunks of flesh


   Skills:
 + Level 4.3 Fighting
 + Level 3.4 Axes
 + Level 3.8 Armour
 + Level 1.7 Dodging
 + Level 3.8 Shields
 + Level 0.0 Invocations


You had 3 spell levels left.
You didn't know any spells.

Dungeon Overview and Level Annotations

Branches:
Dungeon (3/15)

Altars:
Fedhas
Vehumet
Wu Jian
Xom
Yredelemnul
The Shining One

Annotations:
D:3 Grinder


Message History

Grinder gestures at you. Pain shoots through your body!
Grinder blinks!
Grinder gestures at you. You resist with significant effort. Grinder hits you!
* * * LOW HITPOINT WARNING * * *
You writhe in agony.
* * * LOW HITPOINT WARNING * * *
You slash Grinder! You block Grinder's attack.
Your shield and chain mail prevent you from hitting Grinder.
Grinder gestures at you.
You suddenly lose the ability to move!
Grinder hits you but does no damage. Grinder hits you but does no damage.
You can move again.
Unknown command.
You completely miss Grinder. Grinder completely misses you.
You feel very mighty all of a sudden. Grinder gestures at you.
Pain shoots through your body!
You die...

*,*,,,**,,,,.....,,.......
*,**,,,,,,,,#....###......
*,,+,,,,,,,,+.............
****,,,,,,,,#....#........
*********#..,.+........
#########,.##......#+
#.......#..#....#....
#...5...#..#.o.......
#...@...oo.'.......(.
#.......#..#.........
#..........#.........
#........#.#.........
#........#,#.........
##.....#)#,######)...
#.....#.#,,* #[)..
#.....#.#..* #....
####.....#.#..#####....


You could see Grinder and 2 neutral orcs.

Vanquished Creatures
  2 adders (D:2)
  An ooze (D:1)
  2 worms
  A dart slug (D:2)
  2 leopard geckos
  9 orcs (D:3)
  3 giant cockroaches
  8 goblins
  5 hobgoblins
  A jackal (D:2)
  5 kobolds
  A ball python (D:2)
  8 bats
  2 frilled lizards (D:2)
  7 rats
57 creatures vanquished.

Vanquished Creatures (others)
  A hobgoblin (D:3)
  A rat (D:3)
2 creatures vanquished.

Grand Total: 59 creatures vanquished

Notes
Turn   | Place    | Note
-------+----------+-------------------------------------------
     0 | D:1      | kuniqs the Hill Orc Fighter began the quest for the Orb.
     0 | D:1      | Reached XP level 1. HP: 19/19 MP: 1/1
   304 | D:1      | Reached XP level 2. HP: 20/27 MP: 2/2
   492 | D:1      | Found a glowing golden altar of the Shining One.
   627 | D:2      | Reached skill level 4 in Fighting
   627 | D:2      | Reached XP level 3. HP: 15/33 MP: 3/3
   820 | D:2      | Reached skill level 1 in Dodging
  1105 | D:2      | Reached XP level 4. HP: 36/40 MP: 4/4
  1258 | D:2      | Found a faded altar of an unknown god.
  1323 | D:2      | Found a basalt altar of Yredelemnul.
  1328 | D:2      | Found a shimmering altar of Xom.
  1328 | D:2      | Found an ornate altar of the Wu Jian Council.
  1331 | D:2      | Found a blossoming altar of Fedhas.
  1334 | D:2      | Found a radiant altar of Vehumet.
  1730 | D:3      | Became a worshipper of Beogh the Brigand
  1884 | D:3      | Noticed Grinder
  1905 | D:3      | Paralysed by Grinder for 7 turns
  1923 | D:3      | HP: 2/40 [Grinder (4)]
  1925 | D:3      | Paralysed by Grinder for 2 turns
  1928 | D:3      | Killed from afar by Grinder

Vault maps used:
D:1:      minmay_arrival_loop, tso_altar
D:2:      minitemple, chequers_ecumenical_altar_simple, serial_bayou_pond_e,
          minmay_surrounded
D:3:      cheibrodos_pilgrimage, fedhas_altar_4, uniq_terence, uniq_grinder,
          uniq_jessica

Skill      XL: |  1  2  3 |
---------------+----------+-----
Axes           | 3 |  3.4
Fighting       | 4 |  4.3
Dodging        | 1 |  1.7
Armour         | |  3.8
Shields        | |  3.8

Action                   |  1- 3 |  4- 6 || total
-------------------------+-------+-------++-------
Melee: War axe           |   128 |    91 ||   219
Invok: Convert to Beogh  |       |     1 ||     1
Evoke: Wand              |       |     1 ||     1
  Use: Scroll            |       |     4 ||     4
       Potion            |       |     1 ||     1
  Eat: Chunk             |     1 |     3 ||     4
Armor: Scale mail        |    63 |    17 ||    80
       Chain mail        |       |    41 ||    41
Dodge: Dodged            |    40 |    29 ||    69
Block: Shield            |    69 |    57 ||   126
